 Dungeon Crawl Stone Soup version 0.31-b1-17-gcfd88c8481 (webtiles) character file.

Game seed: 12556263271563001327

7592 hawla the Gouger (level 10, -6/51 HPs)
             Began as a Felid Shapeshifter on Jan 15, 2024.
             Was a Priest of Trog.
             Mangled by a hornet (11 damage)
             ... while paralysed by a hornet
             ... on level 10 of the Dungeon.
             The game lasted 00:23:27 (8467 turns).

hawla the Gouger (Felid Shapeshifter)               Turns: 8467, Time: 00:23:28

Health: -6/51      AC:  2    Str: 14    XL:     10   Next: 97%
Magic:  11/11      EV:  4    Int: 21    God:    Trog [***...]
Gold:   503        SH:  0    Dex: 21    Spells: 9/9 levels left
                                        Lives:  0   Deaths: 4

rFire   + +          .
                       - Unarmed
rCold   . . .        (shield unavailable)
rNeg    . . .        (body armour unavailable)
rPois   .            (helmet unavailable)
rElec   .            (cloak unavailable)
rCorr   .            (gloves unavailable)
SInv    +            (boots unavailable)
Will    +....        t - amulet of regeneration
Stlth   ++           e - +6 ring of dexterity
HPRegen 1.08/turn    i - +6 ring of intelligence
MPRegen 0.12/turn

%: no passive effects
@: paralysed, flux-form, slowed, glowing
A: glow, contaminating, very small, claws 1, fangs 3, see invisible, shaggy fur
2, stealthy paws, no weapons or thrown items, no armour, multi-lived, fire
resistance 2, mutation resistance 1
a: Begin Untransformation, Renounce Religion, Berserk, Trog's Hand


You were on level 10 of the Dungeon.
You worshipped Trog.
Trog was most pleased with you.
You were something dangerously unstable.
You visited 1 branch of the dungeon, and saw 10 of its levels.

You collected 503 gold pieces.

Inventory:

Jewellery
 e - a +6 ring of dexterity (left paw)
 i - a +6 ring of intelligence (right paw)
 r - an amulet of reflection
 t - an amulet of regeneration (around neck)
Talismans
 b - a beast talisman
 c - a flux talisman (active)
Wands
 g - a wand of iceblast (9)
 h - a wand of flame (7) (quivered)
 o - a wand of light (7)
 v - a wand of digging (4)
Scrolls
 f - a scroll of poison
 j - a scroll of immolation
 k - 8 scrolls of identify
 l - a scroll of revelation
 q - a scroll of vulnerability {unknown}
 s - a scroll of teleportation
 w - a scroll of fog
Potions
 a - a potion of brilliance
 d - a potion of enlightenment
 m - a potion of heal wounds
 n - a potion of invisibility {unknown}
 p - a potion of degeneration {unknown}
 u - a potion of haste {unknown}


   Skills:
 * Level 4.6 Fighting
 * Level 7.7 Dodging
 * Level 8.4 Stealth
 * Level 11.0 Unarmed Combat
 + Level 3.7 Evocations
 + Level 7.8 Shapeshifting


You had 9 spell levels left.
You didn't know any spells.
Your spell library was empty.

Dungeon Overview and Level Annotations

Branches:
Dungeon (10/15)            Temple (0/1) D:7
   Lair: D:8-11         Orc: D:9-12

Altars:
Ashenzari
Gozag
Nemelex Xobeh
Qazlal
Sif Muna
Trog
Xom


Innate Abilities, Weirdness & Mutations

You are something dangerously unstable.
You glow with magical radiation, making you easy to see and hit.
Foes you strike become dangerously contaminated with magical radiation.
You have sharp claws.
You have razor-sharp teeth.
You have supernaturally acute eyesight. (SInv)
You are covered in thick fur. (AC +2)
Your paws help you pounce on unaware monsters.
You are incapable of wielding weapons or throwing items.
You cannot wear armour.
You gain extra lives every three experience levels.
Your flesh is very heat resistant. (rF++)
You are somewhat resistant to further mutation.


Message History

There is an open door here.
You open the door.
There is an open door here.
There is an open door here.
There is an open door here.
There is an open door here.
You open the door.
There is an open door here.
There is an open door here.
Things that are here:
a -2 spear of venom; a +0 animal skin
There is a stone staircase leading up here.
Done exploring.
Done exploring.
What level of the Dungeon? (default 9, ? - help)
You open the door.
There is an open door here.
There is an open door here.
There is a stone staircase leading down here.
You climb downwards.
There is a stone staircase leading up here.
Found a potion of mutation.
Found a falchion.
You open the door.
There is an open door here.
Found a stone staircase leading down.
A hornet comes into view.
The hornet buzzes angrily.
You see here 21 gold pieces.
You now have 503 gold pieces (gained 21).
The hornet misses you. The hornet completely misses you.
You scratch the hornet.
The hornet begins to glow.
The hornet is lightly wounded.
The hornet stings you!
You suddenly lose the ability to move!
The hornet barely misses you. The hornet stings you!
You feel yourself slow down. The hornet stings you!
* * * LOW HITPOINT WARNING * * *
You feel as though you will be slow longer.
The hornet stings you!
You die...

#.......#####..#.......
#..............#.......
#...######.....#.......
#...# #.....# #...#
#.....# #...# #.....#
#.....# #.....# #p.####
......y..# ........>#
.........# ##.......#
#........ #........
###.......


You could see a hornet (contam).

Vanquished Creatures
  A two-headed ogre (D:9)
  Pikel (D:8)
  A vault sentinel (D:7)
  Maggie (D:7)
  A troll (D:9)
  A hornet (D:7)
  2 vampires (D:9)
  Grum (D:9)
  A wyvern (D:7)
  Eustachio (D:5)
  2 steam dragons
  An acid dragon (D:9)
  2 water moccasins (D:8)
  4 orc warriors
  An ice beast (D:6)
  2 ogres
  2 wolves (D:9)
  4 centaurs
  A lemure (D:8)
  A phantom (D:5)
  A gnoll sergeant (D:6)
  Blork the orc (D:5)
  4 bullfrogs
  8 scorpions
  8 wights (D:8)
  A killer bee (D:8)
  4 howler monkeys
  3 bombardier beetles
  2 jellies
  7 hounds
  7 orc priests
  2 sleepcaps
  Jessica (D:2)
  3 iguanas
  10 orc wizards
  5 gnolls (D:6)
  9 adders
  6 ribbon worms
  2 dart slugs
  42 orcs
  4 ball pythons
  6 endoplasms
  2 giant cockroaches
  5 goblins
  8 hobgoblins
  7 jackals
  5 quokkas
  6 bats
  3 frilled lizards
  11 kobolds
  8 rats
222 creatures vanquished.

Vanquished Creatures (collateral kills)
  A vault sentinel (D:7)
  A howler monkey (D:7)
2 creatures vanquished.

Grand Total: 224 creatures vanquished

Notes
Turn   | Place    | Note
-------+----------+-------------------------------------------
     0 | D:1      | hawla the Felid Shapeshifter began the quest for the Orb.
     0 | D:1      | Reached XP level 1. HP: 10/10 MP: 2/2
   208 | D:1      | Reached XP level 2. HP: 6/14 MP: 3/3
   489 | D:1      | Reached XP level 3. HP: 18/18 MP: 4/4
  1112 | D:2      | Reached skill level 1 in Stealth
  1340 | D:2      | Noticed Jessica
  1346 | D:2      | Slain by Jessica
  1346 | D:2      | Lost a life (0 lives remaining)
  1411 | D:2      | Killed Jessica
  1412 | D:2      | Reached skill level 4 in Unarmed Combat
  1412 | D:2      | Reached XP level 4. HP: 22/22 MP: 5/5
  1412 | D:2      | Gained a life (1 life remaining)
  1737 | D:3      | Found an opulent altar of Gozag.
  1878 | D:3      | Reached XP level 5. HP: 25/25 MP: 6/6
  2164 | D:3      | Reached skill level 5 in Unarmed Combat
  2387 | D:4      | Gained mutation: You are covered in thick fur. (AC +2)
                  | [Felid growth]
  2387 | D:4      | Reached XP level 6. HP: 6/30 MP: 7/7
  2652 | D:4      | Identified the +0 leather armour of Pan-Flutes {rElec Str+4
                  | Int-3}
  2829 | D:4      | Noticed a moth of wrath
  2833 | D:4      | Found a bloodstained altar of Trog.
  2910 | D:4      | Became a worshipper of Trog the Wrathful
  3012 | D:4      | Reached XP level 7. HP: 33/33 MP: 8/8
  3012 | D:4      | Gained a life (2 lives remaining)
  3213 | D:4      | Found a shimmering blue altar of Sif Muna.
  3323 | D:5      | Entered Level 5 of the Dungeon
  3442 | D:5      | Noticed Eustachio
  3493 | D:5      | Killed Eustachio
  3494 | D:5      | Reached skill level 6 in Unarmed Combat
  3680 | D:5      | Noticed Blork the orc
  3684 | D:5      | Reached skill level 1 in Evocations
  3697 | D:5      | Killed Blork the orc
  3767 | D:5      | Reached skill level 5 in Shapeshifting
  3767 | D:5      | Reached XP level 8. HP: 23/37 MP: 9/9
  4234 | D:5      | Found a sparkling altar of Nemelex Xobeh.
  4287 | D:6      | Mangled by an ice beast
  4287 | D:6      | Lost a life (1 life remaining)
  4388 | D:6      | Reached skill level 5 in Stealth
  4405 | D:6      | Reached * piety under Trog
  4453 | D:6      | Slain by a gnoll sergeant
  4453 | D:6      | Lost a life (0 lives remaining)
  4466 | D:6      | Noticed Maggie
  4508 | D:6      | Reached XP level 9. HP: 35/42 MP: 10/10
  4560 | D:6      | Reached skill level 5 in Dodging
  4560 | D:6      | Reached skill level 7 in Unarmed Combat
  5028 | D:6      | Found a stormy altar of Qazlal.
  5536 | D:7      | Found a staircase to the Ecumenical Temple.
  5596 | D:7      | Reached skill level 8 in Unarmed Combat
  5733 | D:7      | Killed Maggie
  5793 | D:7      | Reached ** piety under Trog
  5912 | D:7      | Found a broken altar of Ashenzari.
  6110 | D:8      | Gained mutation: Your flesh is heat resistant. (rF+)
                  | [potion of mutation]
  6110 | D:8      | Gained mutation: Your flesh is very heat resistant. (rF++)
                  | [potion of mutation]
  6110 | D:8      | Gained mutation: Potions are less effective at restoring
                  | your health. [potion of mutation]
  6110 | D:8      | Gained mutation: You are agile. (Dex +4, Str/Int -1)
                  | [potion of mutation]
  6257 | D:7      | Noticed a vault sentinel
  6257 | D:7      | Noticed a vault sentinel
  6264 | D:7      | Killed a vault sentinel
  6269 | D:7      | Found the +18 shield of the Gong {Loud rN+ Will+ rCorr
                  | EV-5}
  6273 | D:7      | Reached skill level 9 in Unarmed Combat
  6281 | D:7      | Killed a vault sentinel
  6282 | D:7      | Reached XP level 10. HP: 41/49 MP: 11/11
  6282 | D:7      | Gained a life (1 life remaining)
  6499 | D:8      | Noticed Pikel
  6514 | D:8      | Killed Pikel
  7043 | D:8      | Reached skill level 10 in Unarmed Combat
  7054 | D:8      | Noticed an eight-headed hydra
  7133 | D:8      | HP: 1/49 [eight-headed hydra (10)]
  7133 | D:8      | Mangled by an eight-headed hydra
  7133 | D:8      | Lost a life (0 lives remaining)
  7582 | D:8      | Identified the +8 dagger of Discretion {heavy, Stlth+}
  7718 | D:9      | Reached *** piety under Trog
  7783 | D:9      | Lost mutation: Potions are less effective at restoring your
                  | health. [potion of mutation]
  7783 | D:9      | Lost mutation: You are agile. (Dex +4, Str/Int -1) [potion
                  | of mutation]
  7783 | D:9      | Gained mutation: You are somewhat resistant to further
                  | mutation. [potion of mutation]
  7796 | D:9      | Noticed a two-headed ogre
  7803 | D:9      | Killed a two-headed ogre
  7868 | D:9      | Noticed Grum
  7887 | D:9      | Killed Grum
  8000 | D:9      | Found a shimmering altar of Xom.
  8142 | D:9      | Reached skill level 11 in Unarmed Combat
  8421 | D:10     | Entered Level 10 of the Dungeon
  8464 | D:10     | Paralysed by a hornet for 3 turns
  8467 | D:10     | Mangled by a hornet

Illustrated notes

Levels and vault maps discovered:
D:1:      lemuel_arrival_room, layout_loops_corners, minmay_misc_feat_pillars
D:2:      layout_basic, uniq_jessica
D:3:      layout_basic, grunt_gozag_breadcrumbs
D:4:      layout_loops_ring, tgw_trog, led_sif_pool
D:5:      old_forge, layout_basic, nemelex_dance_club_becter,
          kennysheep_generic_room_10, uniq_eustachio, uniq_blork_the_orc
D:6:      layout_basic, nicolae_overflow_hidden_temple, serial_bayou_pond_d,
          uniq_maggie
D:7:      layout_rooms, mainiacjoe_overflow_six_doors_small,
          minmay_temple_entry_mist, hellmonk_guarded_unrand_gong
D:8:      minmay_chambers_of_fours, layout_loops_ring, uniq_pikel
D:9:      layout_roguey, mainiacjoe_overflow_tiny_flanked, uniq_grum
D:10:     layout_irregular_city, demons_altar, minitemple, uniq_psyche,
          uniq_erolcha

Skill      XL: |  1  2  3  4  5  6  7  8  9 10 |
---------------+-------------------------------+-----
Shapeshifting  | 3 4 5 7 |  7.8
Dodging        | 3 4 6 7 |  7.7
Stealth        | 1 2 4 5 7 8 |  8.4
Unarmed Combat | 4 5 6 9 11 | 11.0
Evocations     | 2 3 |  3.7
Fighting       | 3 4 |  4.6

Action                     |  1- 3 |  4- 6 |  7- 9 | 10-12 || total
---------------------------+-------+-------+-------+-------++-------
  Melee: Unarmed           |   106 |   134 |   302 |   175 ||   717
         Bite              |    12 |    17 |    41 |    31 ||   101
         Punch             |     2 |     6 |    14 |       ||    22
  Evoke: Wand              |       |       |    22 |     4 ||    26
    Use: Scroll            |     3 |     3 |     8 |     2 ||    16
         Potion            |       |     2 |     3 |     3 ||     8
   Stab: Sleeping          |     2 |    10 |     6 |     1 ||    19
         Distracted        |       |     1 |     3 |       ||     4
         Held in net/web   |       |       |     1 |       ||     1
         Invisible         |       |       |     3 |     1 ||     4
 Armour: Skin              |    30 |    24 |    83 |    54 ||   191
  Dodge: Dodged            |    95 |    81 |   286 |   169 ||   631
  Block: Other             |       |       |       |     2 ||     2
   Form: Flux              |       |       |     1 |       ||     1
